 Dungeon Crawl Stone Soup version 0.19.1-1-g22dce08 (webtiles) character file.

1474 Megalobster the Destroyer (level 8, 0/41 HPs)
             Began as a Deep Elf Conjurer on Jan 14, 2017.
             Shot with an arrow by a centaur (4 damage)
             ... on level 6 of the Dungeon.
             The game lasted 00:29:40 (5934 turns).

Megalobster the Destroyer (Deep Elf Conjurer)       Turns: 5934, Time: 00:29:40

Health: 0/41       AC:  1    Str:  5    XL:     8   Next: 49%
Magic:  12/37      EV: 14    Int: 23    God:
Gold:   196        SH:  0    Dex: 15    Spells: 6 memorised, 4 levels left

rFire  . . .     SeeInvis .     M - staff of power
rCold  . . .     Gourm    .     q - -2 robe (curse)
rNeg   + . .     Faith    .     (no shield)
rPois  .         Spirit   .     (no helmet)
rElec  .         Reflect  .     L - +0 cloak
rCorr  .         Harm     .     (no gloves)
MR     .....                    (no boots)
Stlth  ++........               (no amulet)
                                x - +1 ring of evasion
                                e - ring of positive energy

@: about to teleport, very slightly contaminated
A: no striking features
a: no special abilities


You were on level 6 of the Dungeon.
You were hungry.

You visited 1 branch of the dungeon, and saw 6 of its levels.

You collected 196 gold pieces.

Inventory:

Hand Weapons
 D - a +2 dagger of speed
 G - a +2 quarterstaff of chaos
Missiles
 o - 70 arrows
Armour
 q - a cursed -2 robe (worn)
 z - a +0 robe
 C - a cursed +0 large shield
 H - a cursed +0 chain mail
 L - a +0 cloak (worn)
Magical Staves
 M - an uncursed staff of power (weapon)
Jewellery
 e - a ring of positive energy (left hand)
 x - a +1 ring of evasion (right hand)
Wands
 p - a wand of polymorph (10/24)
 I - a wand of random effects (40/48)
Scrolls
 a - 2 scrolls of random uselessness
 c - 2 scrolls of teleportation
 h - 6 scrolls of identify
 l - 2 scrolls of noise
 n - a scroll of enchant weapon {unknown}
 r - 3 scrolls of recharging
 v - 4 scrolls of amnesia
 y - 2 scrolls of enchant armour {unknown}
 A - a scroll of magic mapping {unknown}
 B - a scroll of remove curse {unknown}
 F - a scroll of fog {unknown}
 J - a scroll of fear {unknown}
Potions
 d - a potion of haste {unknown}
 f - 2 potions of lignification {unknown}
 g - a potion of cure mutation {unknown}
 i - 2 potions of heal wounds {unknown}
 j - a potion of resistance {unknown}
 k - a potion of flight {unknown}
 s - a potion of cancellation {unknown}
 t - 3 potions of curing
 u - a potion of might {unknown}
 E - a potion of ambrosia {unknown}
Books
 b - a book of Conjurations

   Spells                             Type                      Level
   a - Magic Dart                     Conjuration                  1
   b - Searing Ray                    Conjuration                  2
   c - Dazzling Spray                 Conjuration/Hexes            3
   d - Fulminant Prism                Conjuration/Hexes            4
   e - Iskenderun's Mystic Blast      Conjuration                  4
   f - Iskenderun's Battlesphere      Conjuration/Charms           5
 O - a book of Air

   Spells                             Type                      Level
   a - Shock                          Conjuration/Air              1
   b - Swiftness                      Charms/Air                   2
   c - Repel Missiles                 Charms/Air                   2
   d - Static Discharge               Conjuration/Air              3
   e - Lightning Bolt                 Conjuration/Air              5
Comestibles
 m - 7 chunks of flesh
 w - a meat ration
 K - 2 bread rations


   Skills:
 - Level 2.4 Dodging
 - Level 2.4 Stealth
 * Level 8.3 Spellcasting
 + Level 8.5 Conjurations
 * Level 8.1 Charms


You had 4 spell levels left.
You knew the following spells:

 Your Spells              Type           Power        Failure   Level  Hunger
a - Magic Dart            Conj           ####         1%          1    None
b - Searing Ray           Conj           #####.       1%          2    None
c - Dazzling Spray        Conj/Hex       ####..       4%          3    None
d - Iskenderun's Battles  Conj/Chrm      #####...     10%         5    #####..
e - Iskenderun's Mystic   Conj           #####...     1%          4    ##.....
f - Fulminant Prism       Conj/Hex       ####......   14%         4    ##.....


Dungeon Overview and Level Annotations

Branches:
Dungeon (6/15)
 Temple: D:4-7

Altars:
Yredelemnul


Message History

Confirm with . or Enter, or press ? or * to list all spells.
You miscast Iskenderun's Battlesphere.
You feel a strange surge of energy! The centaur hits you.
The centaur shoots an arrow.
The arrow hits you!
* * * LOW HITPOINT WARNING * * *
The centaur barely misses you.
The centaur shoots an arrow.
The arrow hits you.
* * * LOW HITPOINT WARNING * * *
As you read the scroll of teleportation, it crumbles to dust.
You feel strangely unstable. The centaur barely misses you.
The centaur shoots an arrow.
The arrow misses you.
Casting: Iskenderun's Battlesphere
Confirm with . or Enter, or press ? or * to list all spells.
Aiming: Searing Ray
Press: ? - help, Shift-Dir - straight line, f/p - centaur
Aim: a centaur (heavily wounded)
The searing ray hits the centaur.
The centaur is severely wounded.
The centaur hits you.
* * * LOW HITPOINT WARNING * * *
The centaur shoots an arrow.
The arrow hits you.
You die...

...########.....####
##.......>.....###
..............#
##.####....#...#
#..###...###...#
#.......## #...#
...##..### #...#
..#####c## #####
a..c..(@# #########


You could see 2 centaurs and a worker ant (wandering).

Vanquished Creatures
  Sigmund (D:3)
  Menkaure (D:5)
  2 centaurs
  3 ogres
  A scorpion (D:4)
  A crimson imp (D:5)
  A hound (D:3)
  A bullfrog skeleton (D:5)
  2 orc priests (D:6)
  2 centaur skeletons
  4 orc wizards
  Crazy Yiuf (D:5)
  Ijyb (D:2)
  Terence (D:2)
  Natasha (thrice) (D:2)
  4 worker ants
  7 adders
  6 worms
  3 leopard geckos
  10 orcs
  7 giant cockroaches
  5 goblins
  8 hobgoblins
  8 jackals
  3 quokkas
  2 ball pythons
  8 bats
  4 frilled lizards
  9 kobolds
  A quokka zombie (D:5)
  7 rats
117 creatures vanquished.

Notes
Turn   | Place    | Note
-------+----------+-------------------------------------------
     0 | D:1      | Megalobster the Deep Elf Conjurer began the quest for the Orb.
     0 | D:1      | Reached XP level 1. HP: 10/10 MP: 6/6
   193 | D:1      | Reached XP level 2. HP: 15/15 MP: 4/8
   197 | D:1      | Learned a level 2 spell: Searing Ray
   368 | D:1      | Reached skill level 5 in Conjurations
   852 | D:1      | Found a basalt altar of Yredelemnul.
   953 | D:2      | Noticed Terence
   960 | D:2      | Killed Terence
   960 | D:2      | Reached XP level 3. HP: 19/19 MP: 2/10
  1055 | D:2      | Noticed Natasha
  1061 | D:2      | Killed Natasha
  1061 | D:2      | Reached XP level 4. HP: 11/24 MP: 4/12
  1166 | D:2      | Noticed Natasha
  1173 | D:2      | Killed Natasha
  1389 | D:2      | Learned a level 3 spell: Dazzling Spray
  1498 | D:2      | Noticed Natasha
  1503 | D:2      | Killed Natasha
  1503 | D:2      | Reached XP level 5. HP: 28/28 MP: 9/13
  1553 | D:2      | Noticed Ijyb
  1559 | D:2      | Killed Ijyb
  2266 | D:3      | Learned a level 5 spell: Iskenderun's Battlesphere
  2284 | D:3      | Reached skill level 1 in Charms
  2600 | D:3      | Noticed Sigmund
  2607 | D:3      | Killed Sigmund
  2607 | D:3      | Reached skill level 5 in Spellcasting
  2607 | D:3      | Reached XP level 6. HP: 32/32 MP: 6/15
  3031 | D:3      | You fall through a shaft for 3 floors!
  3058 | D:5      | Entered Level 5 of the Dungeon
  3589 | D:4      | Reached XP level 7. HP: 36/36 MP: 12/17
  3899 | D:4      | Learned a level 4 spell: Iskenderun's Mystic Blast
  3905 | D:4      | Reached skill level 5 in Charms
  4982 | D:5      | Found a runed door.
  4986 | D:5      | Noticed Crazy Yiuf
  4990 | D:5      | Killed Crazy Yiuf
  5329 | D:5      | Reached XP level 8. HP: 41/41 MP: 12/20
  5592 | D:5      | Noticed Menkaure
  5597 | D:5      | Killed Menkaure
  5892 | D:6      | Learned a level 4 spell: Fulminant Prism
  5934 | D:6      | Shot with an arrow by a centaur

Skill      XL: |  1  2  3  4  5  6  7  8 |
---------------+-------------------------+-----
Conjurations   | 5 6 7 8 |  8.5
Spellcasting   | 4 5 7 8 |  8.3
Charms         | 3 4 6 8 |  8.1
Dodging        | |  2.4
Stealth        | |  2.4

Action                   |  1- 3 |  4- 6 |  7- 9 || total
-------------------------+-------+-------+-------++-------
Melee: Dagger            |       |     1 |       ||     1
 Cast: Magic Dart        |    34 |    76 |    60 ||   170
       Searing Ray       |     3 |    16 |    11 ||    30
       Dazzling Spray    |       |     2 |       ||     2
       Iskenderun's Batt |       |       |     9 ||     9
       Iskenderun's Myst |       |       |     4 ||     4
  Use: Scroll            |       |       |     7 ||     7
  Eat: Chunk             |       |     4 |     6 ||    10
       Bread ration      |       |     1 |       ||     1
       Pizza             |       |       |     1 ||     1
       Beef jerky        |       |       |     1 ||     1
Armor: Robe              |     3 |     4 |     1 ||     8
Dodge: Dodged            |     4 |    20 |    16 ||    40
